AoeStats
← yuhaoze43

Arabia

509252506Analyzed
1v1 RM · 8d ago on Sep 26, 2026· 17m 33s· 2 players
Game mode
Random Map
Map size
Tiny (2 player)
Population
200
Speed
Normal
Resources
Standard
Victory
Conquest
Starting age
Dark Age
Ending age
Imperial Age
RankedLock teamsTeams togetherTeam positionsShared explorationLock speedFull tech treeHidden civsTurbo modeCheats
Victory
Defeat
🇨🇳 Huns · China
948
+46
🇲🇽 Bohemians · Mexico
962
-17
yuhaoze43
2:47 Loom
11:38 Feudal Age
17:30 Castle Age
16:56 Bloodlines
16:37 Double-Bit Axe
16:35 Horse Collar
17:47 Fletching
17:56 Stone Mining
gabrielyamiltego
4:44 Loom
10:18 Feudal Age
10:46 Double-Bit Axe
15:56 Wheelbarrow
16:46 Horse Collar
17:35 Fletching
Connection lost

Rejoining the realm…

Still unreachable

The connection could not be restored.

Session expired

The server has moved on; the page needs a fresh start.